 Dungeon Crawl Stone Soup version 0.28-b1-25-g9875b3fc8c (webtiles) character file.

Game seed: 16125558105592629382

6787 inmateoo the Grappler (level 10, -2/129 HPs)
             Began as a Yellow Draconian Transmuter on Feb 7, 2022.
             Was a Believer of Cheibriados.
             Slain by a boulder beetle (4 damage)
             ... on level 9 of the Dungeon.
             The game lasted 00:13:34 (11580 turns).

inmateoo the Grappler (DrTm)                       Turns: 11580, Time: 00:13:34

Health: -2/129     AC: 25    Str: 18    XL:     10   Next: 76%
Magic:  19/19      EV:  2    Int: 31    God:    Cheibriados [**....]
Gold:   571        SH:  5    Dex: 17    Spells: 11/21 levels left

rFire   . . .      SeeInvis .     - Unarmed
rCold   . . .      Faith    .   s - +0 buckler
rNeg    + . .      Spirit   .   (armour unavailable)
rPois   +          Reflect  .   (helmet currently unavailable)
rElec   .          Harm     .   (cloak currently unavailable)
rCorr   .          Rampage  .   (gloves currently unavailable)
Will    .....      NoTele   +   (boots currently unavailable)
Stlth   ++........              C - amulet of the acrobat
HPRegen 0.31/turn               w - +6 ring of intelligence
MPRegen 0.16/turn               g - ring of positive energy

@: short of breath, tree-form, very slow
A: stationary, stasis, torment immunity, boosted hp, (spit acid), AC +7,
unfitting armour, (cold-blooded), (acid resistance)
a: Renounce Religion, Bend Time


You were on level 9 of the Dungeon.
You worshipped Cheibriados.
Cheibriados was pleased with you.
You were a tree.
You visited 1 branch of the dungeon, and saw 9 of its levels.
You also visited: Ossuary.

You collected 571 gold pieces.

Inventory:

Missiles
 y - 6 curare-tipped darts (quivered)
Armour
 d - a +2 kite shield of positive energy
 e - a +1 pair of boots (melded)
 q - a +0 cloak (melded)
 s - a +0 buckler (worn)
 A - the +0 pair of gloves of the Lost Hells (melded) {Fly rC++ Str-5}
   (You acquired it on level 7 of the Dungeon)

   Str:       It affects your strength (-5).
   rC:        It greatly protects you from cold.
   Fly:       It grants you flight.
Jewellery
 a - a ring of protection from cold
 b - a ring of flight
 g - a ring of positive energy (right branch)
 w - a +6 ring of intelligence (left branch)
 C - an amulet of the acrobat (around neck)
Wands
 c - a wand of flame (28)
 j - a wand of polymorph (16)
 k - a wand of iceblast (11)
 p - a wand of digging (20)
 E - a wand of paralysis (7)
Scrolls
 m - a scroll of magic mapping
 t - a scroll of enchant armour
 x - a scroll of fog
 z - a scroll of amnesia
 D - a scroll of teleportation
Potions
 h - a potion of mutation
 l - 2 potions of might
 n - 2 potions of brilliance
 o - a potion of magic
 r - a potion of lignification
 B - a potion of degeneration {unknown}
 F - a potion of berserk rage {unknown}


   Skills:
 - Level 7.0 Fighting
 - Level 5.0 Dodging
 - Level 4.0 Shields
 + Level 8.4 Unarmed Combat
 - Level 6.0 Spellcasting
 - Level 6.0 Transmutations
 - Level 4.0 Ice Magic
 - Level 4.0 Poison Magic
 - Level 5.0 Invocations


You had 11 spell levels left.
You knew the following spells:

 Your Spells              Type           Power      Damage    Failure   Level
a - Beastly Appendage     Tmut           92%        N/A       1%          1
b - Wereblood             Tmut           46%        N/A       1%          2
c - Spider Form           Tmut/Pois      40%        N/A       2%          3
d - Ice Form              Ice/Tmut       40%        N/A       8%          4

Your spell library contained the following spells:

 Spells                   Type           Power      Damage    Failure   Level
 Passwall                 Tmut/Erth      22%        N/A       2%          2
 Summon Small Mammal      Summ           36%        N/A       6%          1
 Call Canine Familiar     Summ           9%         N/A       19%         3
 Summon Guardian Golem    Hex/Summ       9%         N/A       19%         3
 Iskenderun's Mystic Bla  Conj/Tloc      9%         2d4       52%         4
 Summon Forest            Summ/Tloc      4%         N/A       86%         5
 Shatter                  Erth           4%         3d8*      100%        9


Dungeon Overview and Level Annotations

Branches:
Dungeon (9/15)             Temple (0/1) D:7            Lair (0/6) D:9
Ossuary (visited)
    Orc: D:9-12

Altars:
Cheibriados
Qazlal
Xom

Annotations:
D:7 3 runed translucent doors, ZodNigurash's ghost, novice DDBe
D:8 3 runed translucent doors, FLACIDUS's ghost, journeyman GrEE


Innate Abilities, Weirdness & Mutations

You are a tree.
Your roots penetrate the ground, keeping you stationary.
You cannot be teleported.
You are immune to unholy pain and torment.
Your maximum health is greatly increased.
Your equipment is partially melded.
((You can spit globs of acid.))
((Your golden yellow scales are hard. (AC +7)))
You cannot fit into any form of body armour.
((You are cold-blooded and may be slowed by cold attacks.))
((You are resistant to acid. (rCorr)))


Message History

* * * LOW HITPOINT WARNING * * *
You hit the boulder beetle but do no damage.
The boulder beetle is severely wounded.
The boulder beetle leaps!
Press: ? - help, Shift-Dir - straight line, f - you, p - boulder beetle Really target yourself?
Okay, then.
You feel better.
The boulder beetle curls into a ball and begins rolling!
As you read the scroll of fear, it crumbles to dust.
You assume a fearsome visage.
The boulder beetle resists with some effort.
Okay, then.
Press: ? - help, Shift-Dir - straight line, f - boulder beetle
Aim: a boulder beetle (severely wounded, rolling, 100% to hit)
You spit a glob of acid.
The glob of acid hits the boulder beetle!
The acid corrodes the boulder beetle!
The boulder beetle is almost dead.
Really quaff the potion of lignification?
Your horns disappear.
Your talons disappear.
Your +1 pair of boots unmelds from your body.
You turn into a tree.
Your +0 cloak melds into your body.
The +0 pair of gloves of the Lost Hells {Fly rC++ Str-5} melds into your body.
Your +1 pair of boots melds into your body.
You float gracefully downwards.
Your roots penetrate the ground.
The boulder beetle hits you but does no damage.
The boulder beetle stops rolling and uncurls.
A boulder beetle is nearby!
You hit the boulder beetle but do no damage.
The boulder beetle is almost dead.
The boulder beetle bites you but does no damage.
You hit the boulder beetle but do no damage.
The boulder beetle is almost dead.
The boulder beetle bites you!
* * * LOW HITPOINT WARNING * * *
You hit the boulder beetle but do no damage.
The boulder beetle is almost dead.
The boulder beetle bites you.
You die...

######..........#..))..# #
#####'###>....#...#
..........'.....#...#.....#
..........#.....#'###.....#
..........#.....#...#.....#
####......#.....#...#.....#
#......#######...#.#...#
.......##........#.#...#
........##.♣B.....#.#..†#
#........#.#...####
..####'#####.........
....................##
....................##
....###............... ...
.....##........... ..
................... .
....................


You could see a boulder beetle (corroded).

Vanquished Creatures
  Pikel (D:5)
  2 trolls (D:9)
  Grinder (D:5)
  A hornet (D:7)
  Sigmund (D:2)
  5 yaks (D:9)
  A wraith (D:8)
  A wyvern (D:8)
  A steam dragon (D:8)
  2 acid dragons
  3 water moccasins
  Duvessa (D:6)
  2 black bears
  A sky beast (D:7)
  A necrophage (D:5)
  3 ogres
  3 wolves (D:9)
  3 centaurs
  A lemure (D:6)
  3 elf zombies (Ossuary)
  4 bullfrogs
  A gnoll sergeant (D:9)
  A kobold brigand (D:8)
  A scorpion (D:6)
  A water moccasin skeleton (D:6)
  Dowan (D:6)
  An electric eel (D:9)
  8 wights
  4 human zombies (Ossuary)
  6 centaur zombies
  6 hounds
  2 orc priests
  2 bullfrog skeletons
  A gnoll shaman (D:8)
  2 jellies
  Ijyb (D:3)
  Jessica (D:2)
  2 iguanas
  8 orc wizards
  Natasha (thrice) (D:3)
  A killer bee zombie (D:3)
  3 mummies (Ossuary)
  12 gnolls
  5 adders
  2 white imps
  2 worms (D:2)
  3 dart slugs
  24 orcs
  2 endoplasms
  A giant cockroach (D:2)
  11 goblins
  7 hobgoblins
  6 jackals
  2 quokkas
  8 ball pythons
  8 bats
  3 frilled lizards
  9 kobolds
  3 rats
205 creatures vanquished.

Vanquished Creatures (others)
  A demonic plant (D:1)
  A plant (D:1)
  A withered plant (D:1)
3 creatures vanquished.

Grand Total: 208 creatures vanquished

Notes
Turn   | Place    | Note
-------+----------+-------------------------------------------
     0 | D:1      | inmateoo the Draconian Transmuter began the quest for the
                  | Orb.
     0 | D:1      | Reached XP level 1. HP: 16/16 MP: 3/3
   127 | D:1      | Reached XP level 2. HP: 16/23 MP: 3/5
   149 | D:1      | Learned a level 2 spell: Wereblood
   382 | D:1      | Found a faded altar of an unknown god.
  1022 | D:2      | Noticed Sigmund
  1171 | D:2      | Reached XP level 3. HP: 29/29 MP: 4/6
  1176 | D:2      | Learned a level 3 spell: Spider Form
  1229 | D:2      | Killed Sigmund
  1230 | D:2      | Reached XP level 4. HP: 5/37 MP: 4/8
  1230 | D:2      | Reached XP level 5. HP: 6/42 MP: 4/9
  1527 | D:2      | Found a shimmering altar of Xom.
  1620 | D:2      | Got the Collected Works on Earth and the Traveller
  1976 | D:2      | Noticed Jessica
  1989 | D:2      | Killed Jessica
  1990 | D:2      | Reached XP level 6. HP: 50/50 MP: 7/10
  2229 | D:3      | Noticed Natasha
  2229 | D:3      | Noticed Ijyb
  2244 | D:3      | Killed Natasha
  2249 | D:3      | Killed Ijyb
  2845 | D:3      | Reached skill level 4 in Unarmed Combat
  2877 | D:3      | Noticed Natasha
  2884 | D:3      | Killed Natasha
  3154 | D:3      | Noticed Natasha
  3166 | D:3      | Killed Natasha
  3485 | D:3      | Your scales start taking on a golden yellow colour.
  3485 | D:3      | Reached XP level 7. HP: 38/57 MP: 8/11
  3485 | D:3      | Gained mutation: You are resistant to acid. (rCorr) [Yellow
                  | Draconian growth]
  5090 | D:5      | Entered Level 5 of the Dungeon
  5110 | D:5      | You fall into a shaft and drop 2 floors!
  5120 | D:7      | Found a runed translucent gate.
  5220 | D:7      | Noticed ZodNigurash's ghost (novice DDBe)
  5244 | D:7      | Learned a level 4 spell: Ice Form
  5284 | D:7      | Noticed a hornet
  5291 | D:7      | Killed a hornet
  5292 | D:7      | Reached skill level 1 in Ice Magic
  5292 | D:7      | Reached XP level 8. HP: 39/66 MP: 11/14
  5350 | D:7      | Identified the +0 robe of Plasticity {Contam Will++}
  5356 | D:7      | Found a sand-covered staircase.
  5363 | Ossuary  | Entered an ossuary
  5463 | Ossuary  | Reached skill level 5 in Unarmed Combat
  6335 | D:5      | Reached skill level 5 in Fighting
  6353 | D:5      | Reached skill level 1 in Shields
  6353 | D:5      | Reached skill level 5 in Transmutations
  6360 | D:5      | Reached XP level 9. HP: 26/74 MP: 16/16
  6822 | D:5      | Found a stormy altar of Qazlal.
  6826 | D:5      | Noticed Grinder
  6837 | D:5      | Paralysed by Grinder for 6 turns
  6850 | D:5      | Paralysed by Grinder for 2 turns
  6862 | D:5      | Paralysed by Grinder for 6 turns
  6869 | D:5      | Killed Grinder
  7014 | D:5      | Noticed Pikel
  7076 | D:5      | Killed Pikel
  7077 | D:5      | Reached skill level 6 in Unarmed Combat
  7077 | D:5      | Reached skill level 5 in Spellcasting
  7465 | D:6      | Found a snail-covered altar of Cheibriados.
  7511 | D:6      | Became a worshipper of Cheibriados the Contemplative
  7576 | D:6      | Noticed Duvessa
  7576 | D:6      | Noticed Dowan
  7599 | D:6      | Killed Duvessa
  7617 | D:6      | Killed Dowan
  7918 | D:7      | Found a runed translucent gate.
  7919 | D:7      | Found a runed translucent gate.
  7960 | D:7      | Found a staircase to the Ecumenical Temple.
  8129 | D:7      | Reached skill level 5 in Dodging
  8231 | D:7      | Reached * piety under Cheibriados
  8452 | D:7      | Reached skill level 1 in Invocations
  8489 | D:7      | Identified a scroll of acquirement
  8489 | D:7      | Acquired the +0 pair of gloves of the Lost Hells {Fly rC++
                  | Str-5}
  8593 | D:8      | Found a runed translucent gate.
  8593 | D:8      | Found a runed translucent gate.
  8593 | D:8      | Found a runed translucent gate.
  8595 | D:8      | Noticed a kobold demonologist
  8595 | D:8      | Noticed FLACIDUS's ghost (journeyman GrEE)
  8612 | D:8      | Reached XP level 10. HP: 83/83 MP: 18/18
  9454 | D:8      | Paralysed by a kobold brigand for 5 turns
  9461 | D:8      | Paralysed by a kobold brigand for 2 turns
  9823 | D:8      | Reached ** piety under Cheibriados
 10197 | D:9      | Reached skill level 7 in Unarmed Combat
 10514 | D:9      | Found a staircase to the Lair.
 11037 | D:9      | Reached skill level 8 in Unarmed Combat
 11102 | D:9      | Noticed a two-headed ogre
 11102 | D:9      | Noticed a death knight
 11102 | D:9      | Noticed a boulder beetle
 11102 | D:9      | Noticed a centaur warrior
 11103 | D:9      | Noticed a manticore
 11104 | D:9      | Noticed a skeletal warrior
 11107 | D:9      | Noticed a wizard
 11132 | D:9      | Reached skill level 5 in Invocations
 11535 | D:9      | Noticed a boulder beetle
 11572 | D:9      | HP: 1/86 [boulder beetle (25)]
 11579 | D:9      | HP: 2/129 [boulder beetle (14)]
 11580 | D:9      | Slain by a boulder beetle

Illustrated notes

Levels and vault maps discovered:
D:1:      lightli_arrival_flooded_house, layout_basic,
          shapermc_ecumenical_altar_gd
D:2:      layout_rooms, basic_altar, corner_web_ring, uniq_jessica, uniq_sigmund
D:3:      layout_loops_cross, minmay_misc_feat_five, uniq_natasha, uniq_ijyb
D:4:      layout_layer_cave
D:5:      layout_rooms, mainiacjoe_overflow_small_starburst, uniq_grinder,
          uniq_pikel
D:6:      layout_rooms, amcnicky_altar_gilded, uniq_duvessa
D:7:      layout_basic, minmay_temple_entry_drinking_statues,
          gammafunk_ghost_split, chequers_ossuary_entry_cave,
          chequers_serial_rivers_micro_a, minmay_misc_feat_rugged,
          mrwooster_statue_mirror, minmay_small_thing
D:8:      wad_cavern_with_rooms, layout_loops_ring,
          gammafunk_ghost_nasty_kobolds
D:9:      layout_stronghold, erik_lair_island, roderic_batcave, minivault_28

Skill      XL: |  1  2  3  4  5  6  7  8  9 10 |
---------------+-------------------------------+-----
Dodging        | 2 3 4 5 |  5.0
Fighting       | 2 3 4 5 6 7 |  7.0
Poison Magic   | 2 3 4 |  4.0
Transmutations | 3 4 5 6 |  6.0
Spellcasting   | 3 4 5 6 |  6.0
Unarmed Combat | 4 5 6 8 |  8.4
Ice Magic      | 1 2 4 |  4.0
Shields        | 1 3 4 |  4.0
Invocations    | 1 5 |  5.0

Action                   |  1- 3 |  4- 6 |  7- 9 | 10-12 || total
-------------------------+-------+-------+-------+-------++-------
Melee: Unarmed           |    86 |   181 |   348 |   257 ||   872
       Kick              |     9 |    16 |    24 |    76 ||   125
       Tailslap          |     3 |    22 |    31 |    30 ||    86
       Punch             |     2 |     3 |     7 |       ||    12
       Headbutt          |     4 |     9 |    10 |    39 ||    62
 Cast: Beastly Appendage |    10 |    11 |    16 |    14 ||    51
       Spider Form       |     1 |     3 |     2 |       ||     6
       Wereblood         |       |     8 |    14 |    11 ||    33
       Ice Form          |       |       |     4 |       ||     4
 Abil: Breathe Acid      |       |       |    14 |     8 ||    22
Evoke: Wand              |       |       |    17 |     7 ||    24
  Use: Scroll            |     1 |     3 |    10 |     5 ||    19
       Potion            |       |       |     5 |     8 ||    13
 Stab: Sleeping          |       |       |     1 |       ||     1
       Paralysed         |       |       |       |    25 ||    25
Armor: Skin              |    37 |    69 |   134 |    85 ||   325
Dodge: Dodged            |    70 |   111 |   181 |   146 ||   508
Block: Buckler           |       |       |    14 |    59 ||    73
